 Dungeon Crawl Stone Soup version 0.19.5 (webtiles) character file.

213 epen the Insei (level 5, 0/47 HPs)
             Began as a Draconian Monk on July 29, 2017.
             Killed from afar by Blork the orc (8 damage)
             ... with a puff of frost
             ... on level 4 of the Dungeon.
             The game lasted 00:03:49 (2552 turns).

epen the Insei (Draconian Monk)                     Turns: 2552, Time: 00:03:50

Health: 0/47       AC:  5    Str: 13    XL:     5   Next: 59%
Magic:  5/5        EV: 14    Int: 10    God:
Gold:   239        SH:  0    Dex: 15    Spells: 0 memorised, 4 levels left

rFire  . . .     SeeInvis .       - Unarmed
rCold  . . .     Gourm    .     (armour unavailable)
rNeg   . . .     Faith    .     (no shield)
rPois  .         Spirit   .     (helmet restricted)
rElec  .         Reflect  .     (no cloak)
rCorr  .         Harm     .     (no gloves)
MR     +....                    (no boots)
Stlth  ++........               (no amulet)
                                (no ring)
                                o - ring of protection from magic

@: no status effects
A: unfitting armour, cold-blooded, AC +5
a: no special abilities


You were on level 4 of the Dungeon.
You were not hungry.

You visited 1 branch of the dungeon, and saw 4 of its levels.

You collected 239 gold pieces.

Inventory:

Jewellery
 j - an uncursed ring of ice
 o - a ring of protection from magic (left hand)
 x - an uncursed ring of ice
Wands
 y - a wand of flame (25/48)
Scrolls
 c - a scroll of teleportation {unknown}
 d - 2 scrolls of immolation {unknown}
 f - a scroll of fear {unknown}
 i - a scroll of recharging {unknown}
 l - 2 scrolls of remove curse {unknown}
 n - a scroll of amnesia {unknown}
 t - a scroll of magic mapping {unknown}
 v - 2 scrolls of identify {unknown}
Potions
 b - 3 potions of brilliance {unknown}
 e - 2 potions of resistance {unknown}
 h - a potion of haste {unknown}
 k - a potion of degeneration {unknown}
 m - 2 potions of heal wounds {unknown}
 p - 2 potions of invisibility {unknown}
 u - a potion of mutation {unknown}
 z - a potion of cancellation {unknown}
 A - 2 potions of lignification {unknown}
Comestibles
 a - 5 bread rations
 g - 2 slices of pizza
 q - 4 fruits
 r - a beef jerky


   Skills:
 + Level 4.3 Fighting
 + Level 3.7 Dodging
 - Level 1.7 Stealth
 * Level 5.0 Unarmed Combat


You had 4 spell levels left.
You didn't know any spells.

Dungeon Overview and Level Annotations

Branches:
Dungeon (4/15)
 Temple: D:4-7

Altars:
Vehumet

Annotations:
D:4 Blork the orc


Innate Abilities, Weirdness & Mutations

Your plain brown scales are hard. (AC +5)
You cannot fit into any form of body armour.
You are cold-blooded and may be slowed by cold attacks.


Message History

You hit something.
Reactivating autopickup.
Your Unarmed Combat skill increases to level 5!
You feel a bit more experienced. Something hits you.
Deactivating autopickup; reactivate with Ctrl-A.
You hit something. You hit something but do no damage. You tail-slap something.
Something hits you but does no damage.
You punch something!
You hear some strange, mumbled words.
A puff of flame appears from out of thin air!
The puff of flame misses you.
You hear some strange, mumbled words.
A puff of flame appears from out of thin air!
The puff of flame hits you!
* * * LOW HITPOINT WARNING * * *
You hear some strange, mumbled words.
A puff of frost appears from out of thin air!
The puff of frost hits you!
You die... ....... #.# ..... #.# ..... #.# ... #.# .oW

#.# #o#
#.. #{#
#.. #.#
##. #@#
## #.# #
#.# #.#
#.# #.# #
#.# # #.#
#.# ##
#.# #.#
########.


You could see a phantom and 2 orcs.

Vanquished Creatures
  A scorpion (D:4)
  An orc wizard (D:4)
  A worker ant (D:4)
  3 adders (D:2)
  An ooze (D:2)
  An adder skeleton (D:4)
  2 worms
  3 dart slugs
  A leopard gecko (D:1)
  5 orcs (D:4)
  A ball python (D:3)
  3 giant cockroaches
  6 goblins
  6 hobgoblins
  2 jackals (D:2)
  6 kobolds
  8 bats
  4 frilled lizards
  A jackal skeleton (D:4)
  6 rats
62 creatures vanquished.

Vanquished Creatures (others)
  An adder (D:2)
1 creature vanquished.

Grand Total: 63 creatures vanquished

Notes
Turn   | Place    | Note
-------+----------+-------------------------------------------
     0 | D:1      | epen the Draconian Monk began the quest for the Orb.
     0 | D:1      | Reached XP level 1. HP: 19/19 MP: 1/1
   112 | D:1      | Reached XP level 2. HP: 24/26 MP: 2/2
   678 | D:2      | Reached XP level 3. HP: 27/31 MP: 3/3
  1039 | D:2      | Reached skill level 4 in Unarmed Combat
  1140 | D:2      | Found a faded altar of an unknown god.
  1185 | D:2      | Reached XP level 4. HP: 31/40 MP: 4/4
  2027 | D:4      | Found a radiant altar of Vehumet.
  2282 | D:4      | Noticed an ogre
  2302 | D:4      | Reached XP level 5. HP: 14/46 MP: 5/5
  2537 | D:4      | Noticed Blork the orc
  2543 | D:4      | Noticed a phantom
  2548 | D:4      | Reached skill level 5 in Unarmed Combat
  2552 | D:4      | Killed from afar by Blork the orc

Skill      XL: |  1  2  3  4  5 |
---------------+----------------+-----
Dodging        | 3 |  3.7
Unarmed Combat | 4 5 |  5.0
Fighting       | 4 |  4.3
Stealth        | |  1.7

Action                   |  1- 3 |  4- 6 || total
-------------------------+-------+-------++-------
Melee: Unarmed           |   114 |   120 ||   234
       Tailslap          |    12 |    25 ||    37
       Punch             |     1 |     1 ||     2
Throw: Throwing net      |       |     2 ||     2
 Stab: Sleeping          |     5 |     4 ||     9
       Held in net/web   |       |     1 ||     1
  Eat: Chunk             |     1 |     2 ||     3
       Royal jelly       |       |     1 ||     1
Armor: Skin              |    25 |    12 ||    37
Dodge: Dodged            |    61 |    56 ||   117
